 Dungeon Crawl Stone Soup version 0.22-a0-422-g9628fc8 (webtiles) character file.

25267 Megalobster the Grappler (level 13, -8/111 HPs)
             Began as a Ghoul Gladiator on May 19, 2018.
             Was a High Priest of Okawaru.
             Mangled by an orc knight
             ... wielding a +0 long sword of holy wrath
              (22 damage)
             ... on level 2 of the Orcish Mines.
             The game lasted 00:56:53 (14151 turns).

Megalobster the Grappler (Ghoul Gladiator)         Turns: 14151, Time: 00:56:54

Health: -8/111     AC: 19    Str: 30    XL:     13   Next: 18%
Magic:  19/19      EV: 13    Int:  4    God:    Okawaru [*****.]
Gold:   1091       SH:  0    Dex: 10    Spells: 12/12 levels left

rFire    + . .     SeeInvis .     - Unarmed
rCold    + + .     Gourm    .   (no shield)
rNeg     + + +     Faith    .   o - +4 chain mail
rPois    ∞         Spirit   .   b - +0 helmet
rElec    .         Reflect  .   I - scarf {rC+ rF+}
rCorr    .         Harm     .   (no gloves)
MR       .....                  E - +0 pair of boots
Stlth    +.........             (no amulet)
HPRegen  0.00/turn              n - +3 ring of strength
MPRegen  0.16/turn              D - ring of stealth

@: mighty, heroism, rotting
A: rotting body, claws 1, carnivore, cold resistance 1, negative energy
resistance 3, inhibited regeneration, torment resistance, unbreathing
a: Heroism, Finesse, Renounce Religion


You were on level 2 of the Orcish Mines.
You worshipped Okawaru.
Okawaru was extremely pleased with you.
You were not hungry.

You visited 3 branches of the dungeon, and saw 15 of its levels.
You also visited: Ice Cave.

You collected 1582 gold pieces.
You spent 491 gold pieces at shops.

Inventory:

Hand Weapons
 u - a +1 mace of draining
 R - the +6 dagger of Goot {pierce, Str+6}
   (You bought it in a shop on level 9 of the Dungeon)

   It inflicts extra damage upon your enemies.
   It affects your strength (+6).
Missiles
 c - 4 throwing nets {!f}
 s - 321 stones (quivered)
 v - 6 tomahawks of returning
 x - 11 tomahawks
 N - 14 poisoned javelins
 Y - 7 poisoned tomahawks
 Z - 12 javelins
Armour
 b - a +0 helmet (worn)
 o - a +4 chain mail (worn)
 t - a +2 chain mail of fire resistance
 E - a +0 pair of boots (worn)
 I - a scarf of resistance (worn)
Jewellery
 n - a +3 ring of strength (left claw)
 D - a ring of stealth (right claw)
Wands
 j - a wand of flame (13)
 l - a wand of iceblast (7)
 M - a wand of polymorph (11)
 Q - a wand of acid (10)
 X - a wand of enslavement (15)
Scrolls
 g - 3 scrolls of magic mapping
 k - 3 scrolls of fear
 m - a scroll of fog {unknown}
 r - 6 scrolls of remove curse {@r2}
 y - 5 scrolls of teleportation
 F - a scroll of vulnerability {unknown}
 J - 2 scrolls of blinking {unknown}
 K - a scroll of immolation {unknown}
Potions
 a - a potion of magic {unknown}
 e - a potion of mutation {unknown}
 f - 3 potions of cancellation
 h - 7 potions of curing {@q1}
 p - 2 potions of heal wounds
 q - 2 potions of ambrosia {unknown}
 w - a potion of agility
 z - a potion of might
 B - 4 potions of invisibility
 H - a potion of berserk rage {unknown}
 P - a potion of lignification {unknown}
 V - a potion of resistance {unknown}
 W - a potion of flight {unknown}
Comestibles
 d - 30 rations
 i - 2 chunks of flesh


   Skills:
 + Level 9.0(14.0) Fighting
 + Level 8.5(13.5) Throwing
 + Level 7.0(12.0) Armour
 + Level 4.9(9.9) Dodging
 * Level 14.2(19.2) Unarmed Combat
 + Level 9.4 Invocations
 - Level 3.5 Evocations


You had 12 spell levels left.
You didn't know any spells.
Your spell library contained the following spells:

 Spells                   Type           Power        Failure   Level  Hunger
 Confuse                  Hex            #.......     99%         3    ####...
 Stone Arrow              Conj/Erth      #.....       99%         3    ####...
 Spider Form              Tmut/Pois      #.........   99%         3    ####...
 Blade Hands              Tmut           #.........   100%        5    ######.
 Ice Form                 Ice/Tmut       #.......     100%        4    #####..
 Confusing Touch          Hex            #.....       91%         1    ##.....
 Passwall                 Tmut/Erth      #.........   97%         2    ###....
 Sticks to Snakes         Tmut           #.......     97%         2    ###....
 Metabolic Englaciation   Hex/Ice        #.........   100%        5    ######.
 Lee's Rapid Deconstruct  Erth           #.........   100%        5    ######.
 Sandblast                Erth           #.....       91%         1    ##.....
 Petrify                  Tmut/Erth      #.......     100%        4    #####..
 Beastly Appendage        Tmut           #.....       91%         1    ##.....
 Gell's Gravitas          Tloc           #.........   99%         3    ####...
 Yara's Violent Unravell  Hex/Tmut       #.........   100%        5    ######.


Dungeon Overview and Level Annotations

Branches:
Dungeon (12/15)            Temple (1/1) D:5            Lair (0/6) D:11
    Orc (2/2) D:12            Elf (0/3) Orc:2

Altars:
Ashenzari
Cheibriados
Dithmenos
Elyvilon
Fedhas
Gozag
Hepliaklqana
Kikubaaqudgha
Makhleb
Nemelex Xobeh
Okawaru
Qazlal
Ru
Sif Muna
Trog
Uskayaw
Vehumet
Wu Jian
Xom
Yredelemnul
Zin
The Shining One

Shops:
D:7 =   D:9 (   D:10 }   D:12 }   Orc:2 !

Annotations:
D:7 2 transporters
D:9 1 runed door


Innate Abilities, Weirdness & Mutations

Your body is rotting away.
You thrive on raw meat.
You are immune to poison.
You have sharp fingernails.
You are carnivorous and can eat meat at any time.
Your flesh is cold resistant. (rC+)
You are immune to negative energy. (rN+++)
You do not regenerate when monsters are visible.
You are immune to unholy pain and torment.
You can survive without breathing.


Message History

You claw the orc knight!
The orc knight is severely wounded.
The orc knight hits you but does no damage.
The orc knight hits you with a long sword!!
You take 32 damage, and have 47/111 hp.
MASSIVE DAMAGE!!
Eat one of 3 chunks of flesh? (ye/n/q)
You eat one of the 3 chunks of flesh.
This raw flesh tastes great!
The orc knight hits you with a long sword of holy wrath!!
You convulse!!
* * * LOW HITPOINT WARNING * * *
You take 29 damage, and have 18/111 hp.
MASSIVE DAMAGE!!
You claw the orc knight! You claw the orc knight.
The orc knight is almost dead.
The orc knight hits you with a long sword.
* * * LOW HITPOINT WARNING * * *
You take 4 damage, and have 14/111 hp.
You closely miss the orc knight.
The orc knight is almost dead.
The orc knight hits you with a long sword of holy wrath!!
You die...

### ####.## #####
####.....#
###...###.#.....##
##..o)..##......####
#...o@)..##...####.###
#.....##....##...##....#
#...o ##)..##..##.#....
.... #.)..#.......#..
... ##...))......... ..
#.......###.##. .
#......## ##...
#......## #...
#.......####...


You could see 3 orc knights.

Vanquished Creatures
  Harold (D:11)
  7 two-headed ogres
  3 orc high priests
  Urug (D:11)
  An unseen horror (D:10)
  An orc knight (Orc:2)
  A deep elf mage (D:12)
  3 orc sorcerers (Orc:2)
  3 manticores
  3 centaur zombies
  Maurice (D:11)
  Psyche (D:8)
  A gargoyle (D:12)
  A centaur skeleton (D:12)
  A kobold demonologist (D:12)
  3 trolls
  A wolf spider simulacrum (IceCv)
  2 hippogriffs
  A wyvern (D:12)
  11 yaks
  A warg (Orc:1)
  5 hungry ghosts
  2 death yak simulacra (IceCv)
  18 orc warriors
  A porcupine (D:11)
  14 ice beasts
  3 sky beasts
  4 phantoms
  5 ogres
  2 centaurs
  2 big kobolds
  6 bullfrogs
  A wyvern zombie (D:11)
  3 scorpions
  A troll zombie (D:12)
  An elephant simulacrum (IceCv)
  6 killer bees (D:7)
  3 howler monkeys (D:8)
  3 crimson imps
  A bullfrog zombie (D:8)
  2 quasits
  3 hounds
  8 jellies
  15 orc priests
  Crazy Yiuf (D:2)
  2 bullfrog skeletons
  19 orc wizards
  6 iguanas
  8 worker ants
  Natasha (thrice) (D:3)
  7 ogre zombies (D:12)
  A hound skeleton (D:4)
  A gnoll (D:8)
  A worker ant zombie (D:10)
  9 adders
  5 shadow imps
  5 white imps (IceCv)
  7 oozes
  3 adder skeletons
  2 adder zombies (D:5)
  2 worms (D:2)
  6 dart slugs
  6 leopard geckos
  61 orcs
  6 giant cockroaches
  2 goblins (D:1)
  6 hobgoblins
  15 jackals
  3 quokkas
  A ball python (D:2)
  3 bats
  7 frilled lizards
  A goblin skeleton (D:12)
  3 goblin zombies (D:12)
  2 hobgoblin skeletons (D:12)
  3 hobgoblin zombies (D:12)
  A jackal skeleton (D:4)
  A jackal zombie (D:6)
  10 kobolds
  2 leopard gecko skeletons
  3 orc skeletons (D:12)
  13 orc zombies (D:12)
  A quokka skeleton (D:5)
  A rat (D:1)
396 creatures vanquished.

Notes
Turn   | Place    | Note
-------+----------+-------------------------------------------
     0 | D:1      | Megalobster the Ghoul Gladiator began the quest for the Orb.
     0 | D:1      | Reached XP level 1. HP: 17/17 MP: 0/0
   150 | D:1      | Reached XP level 2. HP: 18/24 MP: 1/1
   246 | D:1      | Reached skill level 4 in Unarmed Combat
   341 | D:1      | Reached XP level 3. HP: 29/29 MP: 2/2
   909 | D:2      | Reached skill level 5 in Unarmed Combat
  1004 | D:2      | Reached XP level 4. HP: 30/36 MP: 3/3
  1064 | D:2      | Found a runed door.
  1299 | D:2      | Found a blossoming altar of Fedhas.
  1558 | D:2      | Noticed Crazy Yiuf
  1566 | D:2      | Killed Crazy Yiuf
  1566 | D:2      | Reached skill level 1 in Armour
  1819 | D:3      | Reached XP level 5. HP: 41/41 MP: 4/4
  1935 | D:3      | Noticed Natasha
  1949 | D:3      | Killed Natasha
  1949 | D:3      | Reached skill level 6 in Unarmed Combat
  2094 | D:3      | Noticed Natasha
  2107 | D:3      | Killed Natasha
  2265 | D:3      | Noticed Natasha
  2272 | D:3      | Killed Natasha
  2409 | D:4      | Reached XP level 6. HP: 48/48 MP: 5/5
  2458 | D:4      | Found an ancient bone altar of Kikubaaqudgha.
  2486 | D:4      | Found a shattered altar of Ashenzari.
  2811 | D:4      | Reached skill level 7 in Unarmed Combat
  2816 | D:4      | Found a bloodstained altar of Trog.
  2823 | D:4      | Found a glowing golden altar of the Shining One.
  3203 | D:4      | Found a sacrificial altar of Ru.
  3334 | D:5      | Entered Level 5 of the Dungeon
  3346 | D:5      | Found a stormy altar of Qazlal.
  3396 | D:5      | Reached XP level 7. HP: 51/55 MP: 6/6
  3665 | D:5      | Found a radiant altar of Vehumet.
  3743 | D:5      | Found a staircase to the Ecumenical Temple.
  3748 | Temple   | Entered the Ecumenical Temple
  3808 | Temple   | Became a worshipper of Warmaster Okawaru
  3964 | D:5      | Reached skill level 1 in Invocations
  4350 | D:6      | Found a glowing silver altar of Zin.
  4350 | D:6      | Found a hide-covered altar of Uskayaw.
  4482 | D:6      | Reached * piety under Okawaru
  4482 | D:6      | Reached skill level 8 in Unarmed Combat
  4482 | D:6      | Reached XP level 8. HP: 61/62 MP: 8/8
  4883 | D:7      | Found a white marble altar of Elyvilon.
  4883 | D:7      | Noticed a cyclops
  4895 | D:7      | Found a transporter.
  4901 | D:7      | Noticed a hippogriff
  4934 | D:7      | Killed a hippogriff
  4962 | D:7      | Found a transporter.
  5006 | D:7      | Found Jiemn's Jewellery Shop.
  5031 | D:7      | Reached ** piety under Okawaru
  5099 | D:7      | Reached skill level 9 in Unarmed Combat
  5125 | D:7      | Reached XP level 9. HP: 34/71 MP: 11/11
  5627 | D:8      | Reached skill level 5 in Invocations
  5652 | D:8      | Noticed a two-headed ogre
  5853 | D:8      | Noticed Psyche
  5863 | D:8      | Killed Psyche
  6011 | D:8      | Reached *** piety under Okawaru
  6015 | D:8      | Found the +4 robe of Augmentation {Str+4 Int+4 Dex+4}
  6094 | D:8      | Noticed a two-headed ogre
  6100 | D:8      | Killed a two-headed ogre
  6100 | D:8      | Reached skill level 5 in Fighting
  6100 | D:8      | Reached skill level 5 in Armour
  6100 | D:8      | Reached skill level 10 in Unarmed Combat
  6142 | D:8      | Reached XP level 10. HP: 65/81 MP: 14/14
  6149 | D:8      | Killed a two-headed ogre
  6149 | D:8      | Received a gift from Okawaru
  6807 | D:9      | Found a white marble altar of Elyvilon.
  6922 | D:9      | Reached skill level 11 in Unarmed Combat
  7095 | D:9      | Found a runed door.
  7095 | D:9      | Noticed a sixfirhy
  7592 | D:9      | Found Maiz's Antique Weapon Shop.
  7596 | D:9      | Bought a scorched dagger for 203 gold pieces
  7596 | D:9      | Identified the +6 dagger of Goot {pierce, Str+6} (You bought it in a shop on level 9 of the Dungeon)
  7897 | D:9      | Found an ornate altar of the Wu Jian Council.
  8224 | D:10     | Entered Level 10 of the Dungeon
  8266 | D:10     | Noticed a two-headed ogre
  8288 | D:10     | Noticed a two-headed ogre
  8308 | D:9      | Killed a two-headed ogre
  8308 | D:9      | Reached **** piety under Okawaru
  8456 | D:10     | Received a gift from Okawaru
  8483 | D:9      | Killed a two-headed ogre
  8483 | D:9      | Reached skill level 5 in Throwing
  8483 | D:9      | Reached XP level 11. HP: 14/91 MP: 16/16
  8488 | D:9      | Reached skill level 12 in Unarmed Combat
  8923 | D:10     | Reached ***** piety under Okawaru
  8923 | D:10     | Received a gift from Okawaru
  9213 | D:10     | Found Icsooloq's Gadget Shop.
  9228 | D:10     | Noticed a two-headed ogre
  9240 | D:10     | Killed a two-headed ogre
  9240 | D:10     | Received a gift from Okawaru
  9382 | D:10     | Killed an unseen horror
  9648 | D:11     | Noticed a two-headed ogre
  9661 | D:11     | Killed a two-headed ogre
  9661 | D:11     | Received a gift from Okawaru
  9916 | D:11     | Noticed a manticore
  9925 | D:11     | Killed a manticore
  9993 | D:11     | Reached skill level 13 in Unarmed Combat
  9997 | D:11     | Noticed Maurice
 10020 | D:11     | Killed Maurice
 10159 | D:11     | Noticed Harold
 10175 | D:11     | Killed Harold
 10175 | D:11     | Received a gift from Okawaru
 10175 | D:11     | Reached XP level 12. HP: 77/101 MP: 10/17
 10299 | D:11     | Found a staircase to the Lair.
 10475 | D:11     | Noticed Urug
 10491 | D:11     | Killed Urug
 10769 | D:12     | Noticed a soul eater
 10853 | D:12     | Found Vezajets's Gadget Shoppe.
 11103 | D:12     | Received a gift from Okawaru
 11106 | D:12     | Got a shimmering glaive {god gift}
 11217 | D:12     | Reached skill level 1 in Evocations
 11358 | D:12     | Noticed a two-headed ogre
 11380 | D:12     | Killed a two-headed ogre
 11449 | D:12     | Found a staircase to the Orcish Mines.
 11804 | Orc:1    | Entered Level 1 of the Orcish Mines
 11812 | Orc:1    | Noticed an orc high priest
 11823 | Orc:1    | Killed an orc high priest
 12191 | Orc:1    | Found a frozen archway.
 12248 | IceCv    | Entered an ice cave
 12941 | Orc:2    | Entered Level 2 of the Orcish Mines
 12952 | Orc:2    | Received a gift from Okawaru
 13128 | Orc:2    | Reached skill level 14 in Unarmed Combat
 13177 | Orc:2    | Found a staircase to the Elven Halls.
 13369 | Orc:2    | Reached XP level 13. HP: 55/108 MP: 11/18
 13619 | Orc:2    | Found Toygitus's Distillery.
 13716 | Orc:2    | Bought a potion of might for 64 gold pieces
 13716 | Orc:2    | Bought a potion of agility for 64 gold pieces
 13716 | Orc:2    | Bought a potion of heal wounds for 80 gold pieces
 13716 | Orc:2    | Bought a potion of heal wounds for 80 gold pieces
 14151 | Orc:2    | Mangled by an orc knight

Vault maps used:
D:1:      onia_arrival_mini_maze_b
D:2:      fedhas_altar_3, uniq_crazy_yiuf_cottage
D:3:      first_ration, serial_bayou_crossing, uniq_natasha
D:4:      kennysheep_little_box, cheibrodos_ashenzari_chains,
          nicolae_overflow_hidden_temple, minitemple
D:5:      grunt_qazlal_sundering, vehumet_crystals,
          minmay_temple_entry_nine_rooms, grunt_decor_arrowhead
D:6:      gammafunk_temple_overflow_wave
D:7:      gammafunk_temple_overflow_arena, serial_shops, shop
D:8:      hangedman_little_slice_of_home, st_stairs_13, uniq_psyche
D:9:      cheibrodos_shockbox, kennysheep_mini_moat, serial_shops, shop,
          elyvilon_altar_4
D:10:     serial_shops, nicolae_shop_trees
D:11:     grunt_lair_entry_orc_guard_hut, uniq_maurice, uniq_harold, uniq_urug
D:12:     zombieorc2_lemuel, serial_shops, shop
Temple:   jpeg_temple_alley_garden
Orc:1:    portal_ice_cave_entry_ice_beasts, mines2_lemuel, uniq_josephine
Orc:2:    grunt_orc_tribal_feast, serial_shops, shop, lightli_orcish_oven
IceCv:    ice_cave_small_necro

Skill      XL: |  1  2  3  4  5  6  7  8  9 10 11 12 13 |
---------------+----------------------------------------+-----
Unarmed Combat | 4 5 6 7 8 9 10 11 13 14 | 14.2
Armour         | 1 2 3 4 5 6 7 |  7.0
Throwing       | 2 3 5 7 8 |  8.5
Invocations    | 2 4 7 8 9 |  9.4
Fighting       | 3 5 6 7 8 9 |  9.0
Dodging        | 3 4 |  4.9
Evocations     | 3 |  3.5

Action                   |  1- 3 |  4- 6 |  7- 9 | 10-12 | 13-15 || total
-------------------------+-------+-------+-------+-------+-------++-------
Melee: Unarmed           |    95 |   179 |   315 |   623 |    53 ||  1265
       Punch             |     1 |     4 |    15 |    39 |     8 ||    67
Throw: Stone             |       |     6 |       |   130 |     5 ||   141
       Tomahawk          |       |       |     4 |    30 |       ||    34
       Throwing net      |       |       |     2 |       |       ||     2
Invok: Heroism           |       |       |     2 |    18 |     3 ||    23
       Finesse           |       |       |       |     6 |     1 ||     7
Evoke: Wand              |       |       |     1 |       |       ||     1
  Use: Scroll            |       |     7 |     2 |     6 |     2 ||    17
       Potion            |       |       |     1 |     5 |     3 ||     9
  Eat: Chunk             |     3 |     7 |    10 |    25 |     5 ||    50
       Ration            |       |       |       |     2 |       ||     2
Armor: Leather armour    |    28 |     3 |       |       |       ||    31
       Chain mail        |       |   104 |   180 |   315 |    27 ||   626
Dodge: Dodged            |    66 |    73 |   131 |   236 |    43 ||   549

Table legend:
 A = Spawn XP
 B = Non-spawn XP
 C = Spawn XP percentage of total XP
 D = Spawn monster count
 E = Non-spawn monster count
 F = Spawn count percentage of total count
 G = Total turns spent on level
                    A         B        C        D         E        F      G
               +---------+---------+-------+---------+---------+-------+---------
         Total |       0 |   36096 |   0.0 |       0 |     396 |   0.0 | 14151
               +---------+---------+-------+---------+---------+-------+---------
           D:1 |       0 |      52 |   0.0 |       0 |      23 |   0.0 |   795
           D:2 |       0 |      96 |   0.0 |       0 |      15 |   0.0 |   962
           D:3 |       0 |     152 |   0.0 |       0 |      17 |   0.0 |   602
           D:4 |       0 |     270 |   0.0 |       0 |      19 |   0.0 |   975
           D:5 |       0 |     569 |   0.0 |       0 |      31 |   0.0 |   829
           D:6 |       0 |     266 |   0.0 |       0 |       6 |   0.0 |   634
           D:7 |       0 |    1009 |   0.0 |       0 |      17 |   0.0 |   753
           D:8 |       0 |    3775 |   0.0 |       0 |      44 |   0.0 |  1171
           D:9 |       0 |    3527 |   0.0 |       0 |      19 |   0.0 |  1982
          D:10 |       0 |    4213 |   0.0 |       0 |      33 |   0.0 |   766
          D:11 |       0 |    6142 |   0.0 |       0 |      31 |   0.0 |  1132
          D:12 |       0 |    5595 |   0.0 |       0 |      56 |   0.0 |  1360
         Orc:1 |       0 |    3302 |   0.0 |       0 |      28 |   0.0 |   759
         Orc:2 |       0 |    5759 |   0.0 |       0 |      43 |   0.0 |  1180
         IceCv |       0 |    1369 |   0.0 |       0 |      14 |   0.0 |   165
               +---------+---------+-------+---------+---------+-------+---------
